 Dungeon Crawl Stone Soup version 0.30-a0-989-g0d87f670db (webtiles) character file.

Game seed: 18334359931493170426

473 BlueFish the Sneak (level 7, -8/48 HPs)
             Began as an Octopode Fighter on Apr 4, 2023.
             Mangled by an ogre
             ... wielding a +0 giant spiked club
              (28 damage)
             ... on level 4 of the Dungeon.
             The game lasted 00:04:23 (3047 turns).

BlueFish the Sneak (Octopode Fighter)               Turns: 3047, Time: 00:04:23

Health: -8/48      AC:  1    Str: 17    XL:     7   Next: 10%
Magic:  7/7        EV: 13    Int: 10    God:
Gold:   197        SH:  5    Dex: 12    Spells: 6/6 levels left

rFire   . . .      SeeInvis .      - Unarmed
rCold   . . .      Faith    .    a - +0 buckler
rNeg    . . .      Spirit   .    (helmet restricted)
rPois   .          Reflect  .    (no amulet)
rElec   .          Rampage  .    q - ring of flight
rCorr   .                        (no ring)
Will    .....                    (no ring)
Stlth   ++++                     (no ring)
HPRegen 0.28/turn                (no ring)
MPRegen 0.10/turn                (no ring)
                                 (no ring)
                                 (no ring)

@: flying
A: almost no armour, amphibious, 8 rings, camouflage 1, gelatinous body 1,
(nimble swimmer 1), tentacles
a: no special abilities


You were on level 4 of the Dungeon.
You visited 1 branch of the dungeon, and saw 4 of its levels.

You collected 197 gold pieces.

Inventory:

Missiles
 g - a poisoned dart (quivered)
 h - 32 stones
 m - 3 boomerangs
Armour
 a - a +0 buckler (worn)
Jewellery
 q - a ring of flight (left tentacle)
Wands
 p - a wand of flame (8)
Scrolls
 c - a scroll of enchant weapon {unknown}
 d - a scroll of blinking {unknown}
 e - 3 scrolls of identify {unknown}
 f - a scroll of vulnerability {unknown}
 i - 2 scrolls of teleportation {unknown}
 j - a scroll of immolation {unknown}
 k - a scroll of butterflies {unknown}
 l - 2 scrolls of acquirement {unknown}
 o - a scroll of fog {unknown}
 s - a scroll of noise {unknown}
Potions
 b - a potion of might
 n - a potion of attraction {unknown}
 r - a potion of curing {unknown}


   Skills:
 + Level 4.2 Fighting
 + Level 4.1 Dodging
 * Level 5.7 Stealth
 + Level 4.1 Shields
 + Level 3.3 Unarmed Combat


You had 6 spell levels left.
You didn't know any spells.
Your spell library contained the following spells:

 Spells                   Type           Power      Damage    Failure   Level
 Sandblast                Erth           0%         2d4       43%         1
 Passwall                 Tmut/Erth      0%         N/A       58%         2
 Stone Arrow              Conj/Erth      0%         3d7       82%         3


Dungeon Overview and Level Annotations

Branches:
Dungeon (4/15)
 Temple: D:4-7

Altars:
Vehumet


Innate Abilities, Weirdness & Mutations

You cannot wear most types of armour.
You are amphibious.
You can wear up to eight rings at the same time.
Your skin changes colour to match your surroundings (Stealth+).
Your rubbery body absorbs attacks. (AC +1, EV +1)
((You are camouflaged when in or above water. (Stealth+)))
You have tentacles for arms and can constrict up to eight enemies at once.


Message History

The hound closely misses you. The hound bites you.
You barely miss the hound. Your grab misses the hound.
The hound bites you but does no damage.
You barely miss the hound. You grab the hound. You squeeze the hound!
The hound is severely wounded.
You constrict the hound. The hound bites you but does no damage.
You tentacle-slap the hound.
You kill the hound!
You see here a hound corpse.
An ogre comes into view. It is wielding a +0 giant spiked club.
The ogre shouts!
Found a radiant altar of Vehumet.
There is a stone staircase leading up here.
Okay, then.
Throw: 2 darts (poison)
Press: ? - help, Q - select action, (/) - cycle Shift-Dir - straight line, f - ogre
Aim: an ogre, wielding a +0 giant spiked club (74% to hit)
You throw a poisoned dart. The poisoned dart hits the ogre.
You completely miss the ogre. You squeeze the ogre.
The ogre is moderately wounded.
The ogre misses you.
You tentacle-slap the ogre.
The ogre is moderately wounded.
You bludgeon the ogre! You squeeze the ogre, but do no damage.
The ogre is severely wounded.
The ogre hits you with a +0 giant spiked club!!
Ouch! That really hurt!
You tentacle-slap the ogre.
The ogre is severely wounded.
The ogre barely misses you.
You tentacle-slap the ogre.
The ogre is almost dead.
You barely miss the ogre.
The ogre is almost dead.
You block the ogre's attack.
You tentacle-slap the ogre. You squeeze the ogre.
The ogre is almost dead.
The ogre hits you with a +0 giant spiked club!!
Ouch! That really hurt!
You die...

.......#.........# ### .......
.......#.....##..#######.......
..............#................
.......####....#.###...........
.........###.......#.#.##......
.......#..###....#.............
.########.# ##.#..(..##........
.# #..###[.#O..#.......... .#
###...<#<@.....##....... ##
........).....### ....... # #
...............####...... #
#.........###..†........... #
#.....##.## ##.).......##..
#####..### #..####.........# ..
...#.....####.............##
..........##..######...#.##
..............# #......#


You could see an ogre.

Vanquished Creatures
  Sigmund (D:3)
  A scorpion (D:4)
  A hound (D:4)
  A jelly (D:4)
  A sleepcap (D:4)
  Ijyb (D:3)
  Natasha (twice) (D:3)
  2 adders (D:2)
  2 dart slugs
  4 orcs
  7 endoplasms
  8 giant cockroaches
  8 goblins
  5 hobgoblins
  3 quokkas
  11 ball pythons
  6 bats
  2 frilled lizards
  6 kobolds
  5 rats
77 creatures vanquished.

Notes
Turn   | Place    | Note
-------+----------+-------------------------------------------
     0 | D:1      | BlueFish the Octopode Fighter began the quest for the Orb.
     0 | D:1      | Reached XP level 1. HP: 16/16 MP: 1/1
   176 | D:1      | Reached skill level 1 in Stealth
   193 | D:1      | Reached XP level 2. HP: 20/21 MP: 2/2
   225 | D:1      | Found a faded altar of an unknown god.
   768 | D:2      | Reached skill level 2 in Stealth
   768 | D:2      | Reached XP level 3. HP: 19/26 MP: 3/3
  1593 | D:2      | Reached XP level 4. HP: 30/31 MP: 4/4
  1881 | D:2      | Reached skill level 3 in Stealth
  2104 | D:3      | Noticed Natasha
  2113 | D:3      | Killed Natasha
  2238 | D:3      | Noticed Ijyb
  2247 | D:3      | Killed Ijyb
  2248 | D:3      | Reached XP level 5. HP: 22/36 MP: 5/5
  2410 | D:3      | Noticed Sigmund
  2424 | D:3      | Killed Sigmund
  2425 | D:3      | Reached skill level 4 in Stealth
  2425 | D:3      | Reached XP level 6. HP: 43/43 MP: 6/6
  2604 | D:3      | Noticed Natasha
  2610 | D:3      | Killed Natasha
  2738 | D:4      | Reached skill level 5 in Stealth
  2962 | D:4      | Reached XP level 7. HP: 39/48 MP: 7/7
  3032 | D:4      | Found a radiant altar of Vehumet.
  3047 | D:4      | Mangled by an ogre

Illustrated notes

Levels and vault maps discovered:
D:1:      dpeg_arrival_line_fractal, layout_basic, ebering_ecumenical_altar_box
D:2:      minmay_alternating_diamond, layout_basic
D:3:      layout_loops_ring, kennysheep_pointless_box, uniq_ijyb, uniq_natasha,
          uniq_sigmund
D:4:      layout_rooms, lemuel_doored_altar, nicolae_qazlal_style_of_elements

Skill      XL: |  1  2  3  4  5  6 |
---------------+-------------------+-----
Stealth        | 1 2 3 4 5 |  5.7
Unarmed Combat | 3 |  3.3
Fighting       | 4 |  4.2
Dodging        | 4 |  4.1
Shields        | 4 |  4.1

Action                     |  1- 3 |  4- 6 |  7- 9 || total
---------------------------+-------+-------+-------++-------
  Melee: Unarmed           |    74 |    95 |    10 ||   179
         Constrict         |    23 |    20 |     1 ||    44
         Tentacles         |    14 |    25 |     4 ||    43
         Punch             |     1 |     4 |       ||     5
  Throw: Dart              |       |       |     1 ||     1
   Stab: Sleeping          |     4 |     8 |       ||    12
 Armour: Skin              |     4 |     5 |     2 ||    11
  Dodge: Dodged            |    35 |    51 |     3 ||    89
  Block: Buckler           |    11 |    18 |     1 ||    30

Table legend: (Time is in decaauts)
 A = Elapsed time spent in this place.
 B = Non-inter-level travel time spent in this place.
 C = Inter-level travel time spent in this place.
 D = Time resting spent in this place.
 E = Time spent auto-exploring this place.
 F = Levels seen in this place.
 G = Mean time per level.
                   A        B        C        D        E       F      G
               +--------+--------+--------+--------+--------+-----+--------+
         Total |   3046 |   2865 |    181 |     68 |   2135 |   4 |  761.5 |
       Dungeon |   3046 |   2865 |    181 |     68 |   2135 |   4 |  761.5 |
               +--------+--------+--------+--------+--------+-----+--------+

Top non-repeatable levels by time:
     D:2: 1191 daAuts
     D:3: 856 daAuts
     D:1: 792 daAuts
     D:4: 205 daAuts
